 Dungeon Crawl Stone Soup version 0.28-a0-1159-g27aa881441 (webtiles) character file.

Game seed: 12653842254473872152

697 lonewolfV2 the Ruffian (level 7, -10/67 HPs)
             Began as a Troll Fighter on Dec 15, 2021.
             Mangled by a gnoll sergeant (13 damage)
             ... on level 4 of the Dungeon.
             The game lasted 00:07:26 (3166 turns).

lonewolfV2 the Ruffian (Troll Fighter)              Turns: 3166, Time: 00:07:27

Health: -10/67     AC:  4    Str: 29    XL:     7   Next: 37%
Magic:  6/6        EV:  9    Int:  6    God:
Gold:   145        SH:  8    Dex:  9    Spells: 6/6 levels left

rFire   + . .      SeeInvis .     - Unarmed
rCold   x . .      Faith    .   b - +1 kite shield
rNeg    . . .      Spirit   .   a - +0 robe
rPois   .          Reflect  .   (helmet restricted)
rElec   .          Harm     .   (no cloak)
rCorr   .          Rampage  .   (gloves unavailable)
Will    .....                   (boots unavailable)
Stlth   +.........              (no amulet)
HPRegen 1.01/turn               j - ring of fire
MPRegen 0.10/turn               (no ring)

@: no status effects
A: large, unfitting armour, claws 3, regeneration 1, shaggy fur 1, tough skin 1,
clever 1, strong 1, sturdy frame 1
a: no special abilities


You were on level 4 of the Dungeon.
You visited 1 branch of the dungeon, and saw 4 of its levels.

You collected 145 gold pieces.

Inventory:

Missiles
 e - 2 throwing nets (quivered)
Armour
 a - a +0 robe (worn)
 b - a +1 kite shield (worn)
Jewellery
 j - a ring of fire (left claw)
Scrolls
 h - 2 scrolls of identify
 l - a scroll of immolation {unknown}
Potions
 c - a potion of might
 d - a potion of curing
 f - a potion of attraction
 g - a potion of brilliance
 i - a potion of berserk rage {unknown}
 k - a potion of lignification {unknown}


   Skills:
 + Level 3.0 Fighting
 + Level 4.0 Dodging
 + Level 0.6 Stealth
 + Level 4.1 Shields
 + Level 5.4 Unarmed Combat


You had 6 spell levels left.
You didn't know any spells.
Your spell library contained the following spells:

 Spells                   Type           Power      Damage    Failure   Level
 Animate Skeleton         Necr           0%         N/A       80%         1
 Pain                     Necr           0%         1d4       80%         1
 Passwall                 Tmut/Erth      0%         N/A       91%         2
 Gell's Gravitas          Tloc           0%         N/A       99%         3
 Lesser Beckoning         Tloc           0%         N/A       99%         3
 Swiftness                Air            0%         N/A       99%         3
 Teleport Other           Tloc           0%         N/A       99%         3
 Vampiric Draining        Necr           0%         2d6       99%         3


Dungeon Overview and Level Annotations

Branches:
Dungeon (4/15)             Temple (0/1) D:4

Altars:

Shops:
D:2 =

Annotations:
D:4 Grinder


Innate Abilities, Weirdness & Mutations

You are too large for most types of armour.
You have claws for hands.
Your natural rate of healing is unusually fast.
You are covered in fur. (AC +1)
You have tough skin. (AC +1)
Your mind is acute. (Int +2)
Your muscles are strong. (Str +2)
Your movements are slightly less encumbered by armour. (ER -2)


Message History

The gnoll closely misses you.
The gnoll sergeant hits you with a +0 spear!
Things that are here:
a +0 spear; a gnoll corpse You scratch the gnoll.
The gnoll is moderately wounded.
You block the gnoll's attack. x2; Grinder blinks!
You block the gnoll's attack.
The gnoll sergeant hits you but does no damage.
You scratch the gnoll.
The gnoll is heavily wounded.
The gnoll completely misses you. The gnoll barely misses you. x2
The gnoll sergeant hits you with a +0 spear!
You claw the gnoll!
You kill the gnoll!
Grinder blinks!
You block the gnoll's attack. The gnoll hits you with a +0 whip!
The gnoll sergeant barely misses you.
The gnoll barely misses you. x2; You block the gnoll sergeant's attack.
You see here a +0 flail.
You barely miss the gnoll. The gnoll hits you with a +0 halberd!
The gnoll hits you with a +0 whip.
* * * LOW HITPOINT WARNING * * *
The gnoll sergeant barely misses you.
You scratch the gnoll.
The gnoll is lightly wounded.
You block the gnoll's attack. x2
The gnoll sergeant hits you with a +0 spear.
* * * LOW HITPOINT WARNING * * *
You closely miss the gnoll.
The gnoll is lightly wounded.
The gnoll hits you with a +0 halberd.
* * * LOW HITPOINT WARNING * * *
You block the gnoll's attack.
The gnoll sergeant hits you with a +0 spear.
* * * LOW HITPOINT WARNING * * *
You feel better. The gnoll hits you with a +0 halberd!
* * * LOW HITPOINT WARNING * * *
Grinder blinks!
The gnoll hits you with a +0 whip.
* * * LOW HITPOINT WARNING * * *
The gnoll sergeant hits you with a +0 spear!
You die...

.......###.####.####.####.####..#
...#.### #.# #.# #.# #.# #.)#
#.##.# #.# #.# #.# ##.## #..#
#.##.# #.####.####.###...###..#
#.##.# #........#...#..[..##..#
#..... ######5.................
###.#. #...#...#.....###.. . .
#.)g.........## #..
##@g##.###..## ##^ #g.## # #...
..... #..# ##.# ##### ...# #.
.... ..###. .. . ### #


You could see Grinder, a gnoll sergeant and 2 gnolls.

Vanquished Creatures
  The ghost of RancidPinata the Sneak, a novice GrDe (D:4)
  A bullfrog zombie (D:3)
  A hound (D:4)
  A bullfrog skeleton (D:4)
  A centaur skeleton (D:4)
  2 orc wizards (D:4)
  A centaur simulacrum (D:4)
  A scorpion simulacrum (D:4)
  2 hound skeletons (D:4)
  3 gnolls
  6 adders
  A hound simulacrum (D:4)
  A white imp (D:4)
  A worm (D:2)
  4 dart slugs
  2 adder simulacra (D:4)
  6 orcs
  8 endoplasms
  8 giant cockroaches
  7 hobgoblins
  3 jackals (D:3)
  A quokka (D:2)
  14 ball pythons
  5 bats
  5 frilled lizards
  3 goblins (D:2)
  4 kobolds
  2 rats (D:2)
95 creatures vanquished.

Vanquished Creatures (collateral kills)
  A worm (D:2)
1 creature vanquished.

Vanquished Creatures (others)
  An orc wizard (D:4)
1 creature vanquished.

Grand Total: 97 creatures vanquished

Notes
Turn   | Place    | Note
-------+----------+-------------------------------------------
     0 | D:1      | lonewolfV2 the Troll Fighter began the quest for the Orb.
     0 | D:1      | Reached XP level 1. HP: 22/22 MP: 0/0
   194 | D:1      | Found a faded altar of an unknown god.
   264 | D:1      | Reached XP level 2. HP: 29/29 MP: 1/1
   740 | D:2      | Found Ygouc's Jewellery Shoppe.
   795 | D:2      | Reached XP level 3. HP: 29/36 MP: 2/2
  1146 | D:2      | Reached XP level 4. HP: 44/44 MP: 3/3
  1297 | D:2      | Gained mutation: Your movements are slightly less
                  | encumbered by armour. (ER -2) [potion of mutation]
  1297 | D:2      | Gained mutation: Your muscles are strong. (Str +2) [potion
                  | of mutation]
  1297 | D:2      | Gained mutation: Your mind is acute. (Int +2) [potion of
                  | mutation]
  1885 | D:3      | Reached skill level 3 in Unarmed Combat
  1885 | D:3      | Reached XP level 5. HP: 50/52 MP: 4/4
  2428 | D:4      | Reached XP level 6. HP: 59/59 MP: 5/5
  2444 | D:4      | Found a runed translucent gate.
  2449 | D:4      | Found a runed translucent gate.
  2450 | D:4      | Found a runed translucent gate.
  2481 | D:4      | Noticed RancidPinata's ghost (novice GrDe)
  2487 | D:4      | Found a staircase to the Ecumenical Temple.
  2526 | D:4      | Reached skill level 4 in Unarmed Combat
  2544 | D:4      | Killed RancidPinata's ghost
  2545 | D:4      | Reached skill level 5 in Unarmed Combat
  2545 | D:4      | Reached XP level 7. HP: 49/67 MP: 6/6
  3151 | D:4      | Noticed Grinder
  3166 | D:4      | HP: 3/67 [gnoll (6)]
  3166 | D:4      | Mangled by a gnoll sergeant

Illustrated notes

Levels and vault maps discovered:
D:1:      enne_arrival_octagon_isle, layout_basic,
          shapermc_ecumenical_altar_mp_urbaneastern
D:2:      minmay_recursive_quarters, layout_rooms, serial_corexii_hall,
          corexii_hall_statues_x, chequers_hall_statues_y, serial_shops,
          nicolae_diamond_shop
D:3:      layout_basic
D:4:      layout_loops_ring, minmay_temple_entry_statues_fountains,
          gammafunk_ghost_icy, uniq_grinder

Skill      XL: |  1  2  3  4  5  6  7 |
---------------+----------------------+-----
Dodging        | 3 4 |  4.0
Shields        | 3 4 |  4.1
Unarmed Combat | 3 5 |  5.4
Fighting       | 3 |  3.0
Stealth        | |  0.6

Action                   |  1- 3 |  4- 6 |  7- 9 || total
-------------------------+-------+-------+-------++-------
Melee: Unarmed           |    92 |   149 |    47 ||   288
  Use: Scroll            |     3 |     1 |     1 ||     5
       Potion            |     1 |     3 |     1 ||     5
Armor: Robe              |    61 |    61 |    12 ||   134
Dodge: Dodged            |    69 |    41 |    30 ||   140
Block: Kite shield       |    71 |    61 |    28 ||   160

Table legend: (Time is in decaauts)
 A = Elapsed time spent in this place.
 B = Non-inter-level travel time spent in this place.
 C = Inter-level travel time spent in this place.
 D = Time resting spent in this place.
 E = Time spent auto-exploring this place.
 F = Levels seen in this place.
 G = Mean time per level.
                   A        B        C        D        E       F      G
               +--------+--------+--------+--------+--------+-----+--------+
         Total |   3204 |   3130 |     74 |    144 |   2058 |   4 |  801.0 |
       Dungeon |   3204 |   3130 |     74 |    144 |   2058 |   4 |  801.0 |
               +--------+--------+--------+--------+--------+-----+--------+

Top non-repeatable levels by time:
     D:4: 913 daAuts
     D:3: 789 daAuts
     D:2: 754 daAuts
     D:1: 747 daAuts
